 Dungeon Crawl Stone Soup version 0.25.0-11-g1f837a76a1 (webtiles) character file.

Game seed: 129729923892151439

13 protoss039 the Digger (level 2, 3/19 HPs)
             Began as a Deep Elf Earth Elementalist on June 28, 2020.
             Quit the game on level 1 of the Dungeon.
             The game lasted 00:02:11 (558 turns).

protoss039 the Digger (Deep Elf Earth Elementalist)  Turns: 558, Time: 00:02:12

Health: 3/19       AC: 21    Str:  2 (5)  XL:     2   Next: 24%
Magic:  7/8        EV:  2    Int: 16 (19) God:
Gold:   29         SH:  0    Dex: 13 (15) Spells: 6/7 levels left

rFire    . . .     SeeInvis .   f - +0 dagger
rCold    . . .     Gourm    .   (no shield)
rNeg     + + +     Faith    .   (armour currently unavailable)
rPois    +         Spirit   .   (helmet currently unavailable)
rElec    .         Reflect  .   (cloak currently unavailable)
rCorr    .         Harm     .   (gloves currently unavailable)
MR       .....     NoTele   +   (boots currently unavailable)
Stlth    ++........             (no amulet)
HPRegen  0.06/turn              (no ring)
MPRegen  0.11/turn              (no ring)

@: lethally poisoned (3 -> -5), tree-form, hasted, very quick
A: blurry vision 1, frail 1, MP-powered wands
a: no special abilities


You were on level 1 of the Dungeon.
You were completely stuffed.
You were a tree.
You visited 1 branch of the dungeon, and saw 1 of its levels.

You collected 29 gold pieces.

Inventory:

Hand Weapons
 f - a +0 dagger (weapon)
Missiles
 b - 50 stones (quivered)
Armour
 c - a +0 robe (melded)
Comestibles
 k - 4 chunks of flesh


   Skills:
 - Level 2.4 Dodging
 - Level 2.4 Stealth
 * Level 3.1 Spellcasting
   Level 1.1 Transmutations
 * Level 4.0 Earth Magic


You had 6 spell levels left.
You knew the following spells:

 Your Spells              Type           Power        Failure   Level  Hunger
a - Sandblast             Erth           ###...       3%          1    None

Your spell library contained the following spells:

 Spells                   Type           Power        Failure   Level  Hunger
 Passwall                 Tmut/Erth      ##......     10%         2    ##.....
 Stone Arrow              Conj/Erth      #.....       24%         3    ###....
 Petrify                  Tmut/Erth      ##......     54%         4    ####...
 Lee's Rapid Deconstruct  Erth           ###.......   67%         5    ######.


Dungeon Overview and Level Annotations

Branches:
Dungeon (1/15)

Altars:


Innate Abilities, Weirdness & Mutations

((You have a pair of small horns on your head.))
Scrolls take you a little longer to read.
You are frail. (-10% HP)
You expend magic power (3 MP) to strengthen your wands.


Message History

There is a lethal amount of poison in your body!
Unknown command.
You aren't carrying any potions.
You aren't quite hungry enough to eat that!
You aren't quite hungry enough to eat that!
You eat one of the 2 rations.
That ration really hit the spot!
You eat the ration.
That ration really hit the spot!
* * * LOW HITPOINT WARNING * * *
You feel sick.
Unknown command.
Unknown command.
You're too full to eat anything.
You aren't carrying any potions.
Unknown command.
You aren't carrying any scrolls.
You cannot move.
Casting: Sandblast (safe; 3% risk of failure)
Confirm with . or Enter, or press ? or * to list all spells.
You don't know that spell.
Are you sure you want to abandon this character and quit the game? (Confirm with "yes".)

................... #.# #
............####..#####.#..#
.................(....).)..#
...#......#######.#######..#
............... #.## ..#
...............##..# .#
≈≈≈≈≈≈≈≈≈≈≈≈≈≈..(#.# ..
≈≈≈≈≈≈≈≈≈≈≈≈≈≈..(#..# #.
≈≈≈≈≈≈≈≈≈≈≈≈≈≈..♣##.# .#
≈≈≈≈≈≈#+#+#≈≈≈..)# ..
'###+## +≈≈≈...# #.. ......+
+≈≈≈.... ..# #####.#
#≈≈≈.$.. ..# #...#
≈≈≈≈≈..... '...# ≈≈≈≈≈....#
'.<.# ≈≈≈≈≈...## #...#


There were no monsters in sight!

Vanquished Creatures
  A dart slug (D:1)
  A giant cockroach (D:1)
  2 goblins (D:1)
  2 hobgoblins (D:1)
  3 kobolds (D:1)
  A frilled lizard (D:1)
  A rat (D:1)
11 creatures vanquished.

Notes
Turn   | Place    | Note
-------+----------+-------------------------------------------
     0 | D:1      | protoss039 the Deep Elf Earth Elementalist began the quest
                  | for the Orb.
     0 | D:1      | Reached XP level 1. HP: 10/10 MP: 6/6
   466 | D:1      | Reached XP level 2. HP: 15/15 MP: 6/8
   507 | D:1      | Reached skill level 4 in Earth Magic
   549 | D:1      | Gained mutation: You are frail. (-10% HP) [potion of
                  | mutation]
   549 | D:1      | Gained mutation: Scrolls take you a little longer to read.
                  | [potion of mutation]
   549 | D:1      | Gained mutation: You expend magic power (3 MP) to
                  | strengthen your wands. [potion of mutation]
   549 | D:1      | Gained mutation: You have a pair of small horns on your
                  | head. [potion of mutation]
   558 | D:1      | Quit the game

Illustrated notes

Levels and vault maps discovered:
D:1:      dpeg_arrival_castle, layout_basic

Skill      XL: |  1  2 |
---------------+-------+-----
Earth Magic    | 4 |  4.0
Dodging        | |  2.4
Stealth        | |  2.4
Spellcasting   | |  3.1
Transmutations | |  1.1

Action                   || total
-------------------------++-------
Melee: Unarmed           ||     4
       Dagger            ||     7
 Cast: Sandblast         ||    13
  Use: Potion            ||     5
       Scroll            ||     1
  Eat: Ration            ||     2
Armor: Robe              ||     1
Dodge: Dodged            ||    11
